 Dungeon Crawl Stone Soup version 0.32-a0-43-g058985b245 (webtiles) character file.

Game seed: 10622463835182837962

23103 whatisthis the Thaumaturge (level 13, -2/117 HPs)
             Began as an Oni Fire Elementalist on Feb 3, 2024.
             Was a High Priest of Vehumet.
             Slain by a polar bear (3 damage)
             ... while petrified by a basilisk
             ... on level 2 of the Lair of Beasts.
             The game lasted 00:39:18 (19219 turns).

whatisthis the Thaumaturge (Oni Fire Elementalist) Turns: 19219, Time: 00:39:18

Health: -2/117     AC:  9    Str: 15    XL:     13   Next: 4%
Magic:  25/30      EV:  1    Int: 20    God:    Vehumet [*****.]
Gold:   689        SH:  0    Dex:  9    Spells: 1/39 levels left

rFire   + . .        C - +8 storm bow {elec, penet}
rCold   . . .        (shield currently unavailable)
rNeg    + + +        I - +1 steam dragon scales
rPois   ∞            (helmet restricted)
rElec   .            R - +1 cloak
rCorr   .            (gloves unavailable)
SInv    .            (boots unavailable)
Will    +....        g - amulet of the acrobat
Stlth   +            y - +5 ring of evasion
HPRegen 0.39/turn    c - ring of protection from fire
MPRegen 0.22/turn

%: acrobat
@: petrified
A: large, unfitting armour, horns 1, tough skin 1, double potion healing,
drunken brawling
a: Renounce Religion


You were on level 2 of the Lair of Beasts.
You worshipped Vehumet.
Vehumet was extremely pleased with you.
You visited 2 branches of the dungeon, and saw 13 of its levels.

You collected 689 gold pieces.

Inventory:

Hand Weapons
 b - the +3 flail "Xodyssij" {protect, *Slow rF+ Str+3 Int+3}
   (You found it on level 10 of the Dungeon)

   Str+3:     It affects your strength (+3).
   Int+3:     It affects your intelligence (+3).
   rF+:       It protects you from fire.
   *Slow:     It may slow you when you take damage.
 C - the +8 storm bow (weapon) {elec, penet}
   (You found it on level 6 of the Dungeon)
 M - a +2 trident of venom
 Q - the +8 Vampire's Tooth {megavamp}
   (You found it on level 10 of the Dungeon)
Missiles
 k - 12 boomerangs
 r - 15 poisoned darts
 N - 3 throwing nets
Armour
 I - +1 steam dragon scales (worn)
 R - a +1 cloak (worn)
Jewellery
 c - a ring of protection from fire (right hand)
 g - an amulet of the acrobat (around neck)
 y - a +5 ring of evasion (left hand)
 G - a ring of fire
 S - a ring of positive energy
Wands
 B - a wand of paralysis (9)
 D - a wand of flame (42)
 J - a wand of quicksilver (10)
 K - a wand of roots (13)
 L - a wand of digging (3)
 O - a wand of polymorph (13)
Scrolls
 a - a scroll of blinking
 i - 2 scrolls of amnesia
 j - 3 scrolls of fog
 m - 6 scrolls of teleportation
 n - 2 scrolls of enchant weapon
 q - 3 scrolls of vulnerability
 s - a scroll of immolation
 t - 3 scrolls of brand weapon
 w - a scroll of revelation {unknown}
 z - 2 scrolls of fear
 H - a scroll of summoning {unknown}
 P - a scroll of silence {unknown}
 T - a scroll of identify
Potions
 d - a potion of cancellation {unknown}
 e - a potion of enlightenment {unknown}
 f - a potion of might
 h - 6 potions of haste
 l - 3 potions of curing
 o - a potion of heal wounds
 p - 2 potions of resistance
 u - a potion of degeneration {unknown}
 v - a potion of invisibility {unknown}
 x - a potion of lignification {unknown}
 A - a potion of brilliance {unknown}
 E - 3 potions of mutation
 F - a potion of attraction {unknown}


   Skills:
 + Level 4.4 Fighting
 - Level 1.7 Dodging
 - Level 1.4 Stealth
 + Level 13.7 Spellcasting
 + Level 11.3 Conjurations
 + Level 11.6 Fire Magic


You had one spell level left.
You knew the following spells:

 Your Spells              Type           Power      Damage    Failure   Level
a - Foxfire               Conj/Fire      100%       2x1d9     1%          1
b - Scorch                Fire           100%       2d9       1%          2
c - Flame Wave            Conj/Fire      56%        2d13      1%          4
d - Sting                 Conj/Alch      100%       1d9       1%          1
e - Searing Ray           Conj           100%       2d8       1%          2
f - Fulminant Prism       Conj/Alch      18%        3d10      1%          4
g - Iskenderun's Mystic   Conj/Tloc      36%        2d9       1%          4
h - Starburst             Conj/Fire      28%        6d9       1%          6
i - Irradiate             Conj/Alch      18%        3d17      3%          5
j - Ignite Poison         Fire/Alch      37%        N/A       1%          4
k - Freezing Cloud        Conj/Ice/Air   14%        6-21      8%          5

Your spell library contained the following spells:

 Spells                   Type           Power      Damage    Failure   Level
 Kiss of Death            Conj/Necr      100%       2d13      1%          1
 Dazzling Flash           Conj/Hex       72%        N/A       1%          3
 Inner Flame              Hex/Fire       37%        N/A       1%          3
 Mephitic Cloud           Conj/Alch/Air  28%        N/A       1%          3
 Volatile Blastmotes      Fire/Tloc      74%        2d16      1%          3
 Confusing Touch          Hex            13%        N/A       14%         3
 Fugue of the Fallen      Necr           13%        N/A       14%         3
 Ozocubu's Armour         Ice            13%        N/A       14%         3
 Plasma Beam              Fire/Air       18%        2x1d30    17%         6
 Dispel Undead            Necr           13%        3d9       43%         4
 Manifold Assault         Tloc           13%        N/A       43%         4
 Vhi's Electric Charge    Tloc/Air       26%        N/A       43%         4
 Ignition                 Fire           28%        3d9       52%         8
 Alistair's Intoxication  Alch           8%         N/A       78%         5
 Curse of Agony           Necr           13%        N/A       78%         5
 Silence                  Hex/Air        6%         N/A       78%         5
 Summon Forest            Summ/Tloc      6%         N/A       78%         5
 Summon Mana Viper        Hex/Summ       13%        N/A       78%         5
 Summon Cactus Giant      Summ           6%         N/A       100%        6


Dungeon Overview and Level Annotations

Branches:
Dungeon (11/15)            Temple (0/1) D:6            Lair (2/5) D:11
  Snake (0/4) Lair:2
  Swamp: Lair:2-3    Shoals: Lair:2-3       Orc: D:9-12

Altars:
Ashenzari
Fedhas
Gozag
Makhleb
Qazlal
Trog
Vehumet
Wu Jian
Zin

Annotations:
D:4 Pikel
D:9 3 runed translucent doors, Likado's ghost, novice VSSu


Innate Abilities, Weirdness & Mutations

You are too large for most types of armour.
You have a pair of small horns on your head.
You have tough skin. (AC +1)
You gain doubled healing and magic from potions.
Whenever you drink a healing potion, you attack all around you.


Message History

The polar bear bites you!! The polar bear claws you. x2
The rime drake bites you. The basilisk gazes at you.
You easily resist.
The water moccasin bites you. The polar bear bites you.
The polar bear claws you but does no damage. x2
The rime drake bites you. The water moccasin bites you.
* * * LOW HITPOINT WARNING * * *
The basilisk bites you!
* * * LOW HITPOINT WARNING * * *
The polar bear bites you but does no damage.
The polar bear claws you.
* * * LOW HITPOINT WARNING * * *
The polar bear claws you.
* * * LOW HITPOINT WARNING * * *
The ice encasing you melts away.
The rime drake bites you but does no damage.
The water moccasin bites you but does no damage.
The polar bear bites you!!
* * * LOW HITPOINT WARNING * * *
The polar bear claws you.
* * * LOW HITPOINT WARNING * * *
The polar bear claws you but does no damage.
The basilisk gazes at you. The polar bear bites you!
* * * LOW HITPOINT WARNING * * *
The polar bear claws you.
* * * LOW HITPOINT WARNING * * *
The polar bear claws you.
* * * LOW HITPOINT WARNING * * *
The water moccasin bites you.
* * * LOW HITPOINT WARNING * * *
The rime drake bites you.
* * * LOW HITPOINT WARNING * * *
The basilisk gazes at you.
You easily resist.
The polar bear bites you!
* * * LOW HITPOINT WARNING * * *
The polar bear claws you but does no damage.
The polar bear claws you.
You die...

.........P...~~......P~
.............~~~~....~~~
..............~~~..~~~~.
..........P..#.~~~~~~~.
.............##.~~~~~..
.....(...##.........#
##P.....P##.........#
##....######.P....####
####.# #.#.@h#...# #.#
##.kSl....# ###
#........# #...........#
##.........P#
##........## ##.......#
#P......# #.......#


You could see a polar bear (berserk), a basilisk, a rime drake and a water
moccasin.

Vanquished Creatures
  Harold (D:10)
  2 boulder beetles (D:10)
  4 two-headed ogres
  An ugly thing (D:10)
  A cyclops (D:11)
  A manticore (D:11)
  A black mamba (Lair:1)
  A guardian serpent (D:11)
  Maggie (D:8)
  7 cane toads
  4 komodo dragons (Lair:1)
  3 tyrant leeches (D:10)
  A hornet (D:7)
  Prince Ribbit (D:8)
  7 blink frogs
  2 wyverns
  2 vampires (D:10)
  A shadow (D:11)
  A wraith (D:9)
  A basilisk (Lair:1)
  21 yaks
  2 steam dragons
  A warg (D:11)
  3 vampire mosquitoes (D:10)
  Menkaure (D:7)
  A naga (Lair:2)
  7 water moccasins
  2 black bears
  6 orc warriors
  4 sky beasts
  An ice beast (D:5)
  9 centaurs
  4 wolves
  3 lemures
  2 phantoms
  A kobold brigand (D:10)
  12 bullfrogs
  2 gnoll sergeants
  2 scorpions
  9 wights
  13 killer bees
  A howler monkey (D:6)
  2 bombardier beetles
  A hound (D:7)
  7 orc priests
  A jelly (D:6)
  3 gnoll boudas
  3 sleepcaps
  Crazy Yiuf (D:7)
  6 iguanas
  9 orc wizards
  16 gnolls
  3 river rats (D:3)
  16 adders
  A shadow imp (D:7)
  An ufetubus (D:6)
  4 ribbon worms
  8 dart slugs
  29 orcs
  13 ball pythons
  7 endoplasms
  7 giant cockroaches
  8 hobgoblins
  7 jackals (D:1)
  11 kobolds
  6 quokkas
  4 bats
  A frilled lizard (D:1)
  10 goblins
  6 rats
341 creatures vanquished.

Vanquished Creatures (others)
  468 foxfires
  3 fulminant prisms (D:11)
471 creatures vanquished.

Grand Total: 812 creatures vanquished

Notes
Turn   | Place    | Note
-------+----------+-------------------------------------------
     0 | D:1      | whatisthis the Oni Fire Elementalist began the quest for
                  | the Orb.
     0 | D:1      | Reached XP level 1. HP: 16/16 MP: 3/3
    46 | D:1      | Reached skill level 1 in Conjurations
   167 | D:1      | Reached XP level 2. HP: 21/24 MP: 3/5
   427 | D:1      | Reached skill level 3 in Spellcasting
   672 | D:1      | Reached XP level 3. HP: 31/31 MP: 0/7
  2197 | D:2      | Reached XP level 4. HP: 39/39 MP: 2/9
  2267 | D:2      | Got the Catalogue of Unstable Concoctions
  2268 | D:2      | You fall into a shaft and drop 2 floors!
  2428 | D:2      | Learned a level 2 spell: Scorch
  2690 | D:2      | Reached XP level 5. HP: 45/45 MP: 0/10
  3163 | D:2      | Reached skill level 4 in Spellcasting
  3730 | D:3      | Reached XP level 6. HP: 51/53 MP: 1/12
  4790 | D:4      | Found an opulent altar of Gozag.
  5014 | D:4      | Found a broken altar of Ashenzari.
  5240 | D:4      | Found a blossoming altar of Fedhas.
  5242 | D:4      | Noticed a sky beast
  5251 | D:4      | Killed a sky beast
  5252 | D:4      | Reached skill level 5 in Spellcasting
  5252 | D:4      | Reached XP level 7. HP: 59/59 MP: 4/14
  5327 | D:4      | Found a glowing silver altar of Zin.
  5701 | D:4      | Found a radiant altar of Vehumet.
  5705 | D:4      | Became a worshipper of Vehumet
  5956 | D:5      | Entered Level 5 of the Dungeon
  6307 | D:5      | Reached skill level 5 in Fire Magic
  6388 | D:5      | Found an ornate altar of the Wu Jian Council.
  6402 | D:5      | Noticed Pikel
  6561 | D:4      | HP: 1/59 [lemure[Pikel] (3)]
  7076 | D:5      | Reached skill level 6 in Spellcasting
  7076 | D:5      | Reached XP level 8. HP: 67/67 MP: 10/17
  7572 | D:5      | Reached skill level 5 in Conjurations
  7953 | D:6      | Found a stormy altar of Qazlal.
  8025 | D:6      | Found a staircase to the Ecumenical Temple.
  8048 | D:6      | Reached skill level 7 in Spellcasting
  8145 | D:6      | Found the +8 storm bow {elec, penet}
  8527 | D:6      | Reached * piety under Vehumet
  8527 | D:6      | Offered knowledge of Shock by Vehumet.
  8627 | D:7      | Reached XP level 9. HP: 74/74 MP: 13/20
  8957 | D:7      | Noticed a hornet
  8960 | D:7      | Paralysed by a hornet for 3 turns
  8965 | D:7      | Killed a hornet
  9420 | D:7      | Reached skill level 8 in Spellcasting
  9533 | D:7      | Noticed Menkaure
  9536 | D:7      | Killed Menkaure
  9661 | D:7      | Learned a level 4 spell: Flame Wave
  9702 | D:7      | Found a runed translucent door.
  9703 | D:7      | Noticed Crazy Yiuf
  9743 | D:7      | Found a burning altar of Makhleb.
 10147 | D:8      | Noticed Maggie
 10156 | D:8      | Killed Maggie
 10277 | D:8      | Reached skill level 9 in Spellcasting
 10370 | D:8      | Noticed Prince Ribbit
 10379 | D:8      | Killed Prince Ribbit
 10381 | D:8      | Reached XP level 10. HP: 47/81 MP: 11/23
 10608 | D:8      | Reached ** piety under Vehumet
 10609 | D:8      | Offered knowledge of Sting by Vehumet.
 10617 | D:8      | Learned a level 1 spell: Sting
 11232 | D:8      | Found a bloodstained altar of Trog.
 11540 | D:9      | Noticed a two-headed ogre
 11548 | D:9      | Killed a two-headed ogre
 11549 | D:9      | Reached skill level 10 in Spellcasting
 11630 | D:9      | Found a runed translucent gate.
 11630 | D:9      | Found a runed translucent gate.
 11630 | D:9      | Found a runed translucent gate.
 12027 | D:9      | Offered knowledge of Searing Ray by Vehumet.
 12031 | D:9      | Learned a level 2 spell: Searing Ray
 12129 | D:9      | Reached XP level 11. HP: 69/88 MP: 19/25
 12400 | D:9      | Noticed Likado's ghost (novice VSSu)
 12590 | D:10     | Entered Level 10 of the Dungeon
 12706 | D:10     | Reached *** piety under Vehumet
 12774 | D:10     | Noticed Harold
 12797 | D:10     | Killed Harold
 12798 | D:10     | Reached skill level 11 in Spellcasting
 12992 | D:10     | Noticed a white ugly thing
 13001 | D:10     | Killed a white ugly thing
 13289 | D:10     | Offered knowledge of Fulminant Prism by Vehumet.
 13387 | D:10     | Learned a level 4 spell: Fulminant Prism
 13754 | D:10     | Learned a level 4 spell: Iskenderun's Mystic Blast
 13999 | D:10     | Identified the +3 flail "Xodyssij" {protect, *Slow rF+
                  | Str+3 Int+3}
 14096 | D:10     | Reached skill level 10 in Fire Magic
 14422 | D:10     | Found the +8 Vampire's Tooth {megavamp}
 14638 | D:11     | Noticed a manticore
 14644 | D:11     | Killed a manticore
 14808 | D:11     | Noticed a two-headed ogre
 14808 | D:11     | Noticed a boulder beetle
 14865 | D:10     | Killed a boulder beetle
 14866 | D:10     | Reached skill level 12 in Spellcasting
 15113 | D:11     | Identified the +4 scale mail "Lacujo" {-Tele Harm Rampage}
 15184 | D:11     | Noticed a two-headed ogre
 15192 | D:11     | Killed a two-headed ogre
 15232 | D:11     | Identified the +0 pair of gloves "Ved Ofyugie" {Str+3}
 15318 | D:11     | Noticed a two-headed ogre
 15325 | D:11     | Killed a two-headed ogre
 15325 | D:11     | Noticed a boulder beetle
 15326 | D:11     | Reached skill level 10 in Conjurations
 15344 | D:10     | Killed a boulder beetle
 15345 | D:10     | Reached XP level 12. HP: 59/96 MP: 12/28
 15450 | D:10     | Learned a level 6 spell: Starburst
 15456 | D:10     | Learned a level 5 spell: Irradiate
 15471 | D:11     | Reached **** piety under Vehumet
 15726 | D:11     | Found a staircase to the Lair.
 15765 | D:11     | Identified the +0 chain mail of Ceamorch {Will+}
 15992 | D:11     | Killed a two-headed ogre
 17040 | D:7      | Killed Crazy Yiuf
 17277 | Lair:1   | Entered Level 1 of the Lair of Beasts
 17481 | Lair:1   | Offered knowledge of Ignite Poison by Vehumet.
 17482 | Lair:1   | Reached skill level 13 in Spellcasting
 17790 | D:11     | Upgraded the game from 0.32-a0-42-ga30500b4d3 to
                  | 0.32-a0-43-g058985b245
 17830 | Lair:1   | Learned a level 4 spell: Ignite Poison
 17877 | Lair:1   | Found a dark tunnel.
 17894 | Lair:1   | Reached skill level 1 in Fighting
 18888 | Lair:2   | Reached ***** piety under Vehumet
 18893 | Lair:2   | Reached XP level 13. HP: 103/114 MP: 7/30
 19083 | Lair:2   | Found a staircase to the Snake Pit.
 19088 | Lair:2   | Offered knowledge of Freezing Cloud by Vehumet.
 19109 | Lair:2   | Learned a level 5 spell: Freezing Cloud
 19219 | Lair:2   | HP: 5/117 [rime drake (3)]
 19219 | Lair:2   | HP: 1/117 [polar bear (4)]
 19219 | Lair:2   | Slain by a polar bear

Illustrated notes

Levels and vault maps discovered:
D:1:      matt_arrival_grand_opening, layout_loops_corners
D:2:      minmay_angry_zag, layout_basic, minmay_misc_feat_square,
          minmay_snake_closets
D:3:      layout_loops_ring, lightli_sewer_entry_pipes
D:4:      layout_basic, mainiacjoe_overflow_alcove_4,
          nicolae_gozag_seed_capital, lemuel_round_altar,
          grunt_temple_overflow_open, fountainhead
D:5:      layout_rooms, lemuel_crystal_altar, uniq_pikel
D:6:      layout_basic, lemuel_doored_altar, temple_hall,
          kennysheep_nondescript, minmay_checkerbox
D:7:      layout_gridville, makhleb_heckhound_becter, uniq_menkaure,
          uniq_crazy_yiuf_cottage
D:8:      layout_cave_pools, marbit_many_paths, serial_column_ruins,
          column_ruins_hut_ruined, column_ruins_courtyard_long_water,
          column_ruins_grid_1, column_ruins_open_small, column_ruins_open_small,
          column_ruins_open_small, column_ruins_open_small_water,
          column_ruins_columns_corner, moated_statue, nicolae_nh_ransacked_shop,
          uniq_prince_ribbit1, uniq_maggie
D:9:      layout_cave_pods, gammafunk_ghost_nasty_kobolds
D:10:     layout_cave_pods, serial_library_hellmonk_angled_corner,
          grunt_decor_mini_mirrors, minmay_guarded_unrand_vampires_tooth,
          uniq_harold
D:11:     layout_layer_cave, erik_lair_orcish_takeover,
          nrook_guardian_serpent_ordinary
Lair:1:   layout_chaotic_city, nicolae_volcano_entry_two_sided, st_stairs_3,
          beast_lair_carwin_5, grunt_megastairs_3
Lair:2:   layout_gridlike, guppyfry_snake_entry_island

Skill      XL: |  1  2  3  4  5  6  7  8  9 10 11 12 |
---------------+-------------------------------------+-----
Conjurations   | 1 2 3 4 5 7 8 10 11 | 11.3
Fire Magic     | 3 4 5 6 7 9 10 11 | 11.6
Spellcasting   | 3 4 5 6 7 9 10 12 13 | 13.7
Fighting       | 4 |  4.4
Dodging        | |  1.7
Stealth        | |  1.4

Action                     |  1- 3 |  4- 6 |  7- 9 | 10-12 | 13-15 || total
---------------------------+-------+-------+-------+-------+-------++-------
  Melee: Dagger            |    26 |    37 |    14 |       |       ||    77
         Headbutt          |     4 |     9 |     4 |     7 |       ||    24
         Punch             |     2 |       |       |     2 |       ||     4
         Quick blade       |       |       |       |    14 |       ||    14
   Fire: Longbow           |       |       |    36 |   179 |     9 ||   224
   Cast: Foxfire           |   118 |    38 |   125 |    15 |       ||   296
         Scorch            |       |    76 |   105 |    65 |       ||   246
         Sting             |       |       |       |    31 |     1 ||    32
         Flame Wave        |       |       |       |    32 |       ||    32
         Iskenderun's Myst |       |       |       |    23 |       ||    23
         Fulminant Prism   |       |       |       |     3 |       ||     3
         Starburst         |       |       |       |    56 |     7 ||    63
    Use: Potion            |       |       |     1 |     2 |       ||     3
         Scroll            |       |       |    10 |     7 |       ||    17
 Armour: Robe              |    52 |    36 |    70 |       |       ||   158
         Steam dragon scal |       |       |     7 |   149 |    62 ||   218
  Dodge: Dodged            |    35 |    33 |    65 |   193 |    11 ||   337

Table legend: (Time is in decaauts)
 A = Elapsed time spent in this place.
 B = Non-inter-level travel time spent in this place.
 C = Inter-level travel time spent in this place.
 D = Time resting spent in this place.
 E = Time spent auto-exploring this place.
 F = Levels seen in this place.
 G = Mean time per level.
                   A        B        C        D        E       F      G
               +--------+--------+--------+--------+--------+-----+--------+
         Total |  19385 |  18449 |    936 |   4604 |  10289 |  13 | 1491.2 |
       Dungeon |  17600 |  16692 |    908 |   3916 |   9938 |  11 | 1600.0 |
          Lair |   1785 |   1757 |     28 |    688 |    351 |   2 |  892.5 |
               +--------+--------+--------+--------+--------+-----+--------+

Top non-repeatable levels by time:
    D:11: 2185 daAuts
    D:10: 1985 daAuts
     D:2: 1928 daAuts
     D:7: 1718 daAuts
     D:9: 1680 daAuts
     D:1: 1570 daAuts
     D:3: 1448 daAuts
     D:4: 1404 daAuts
  Lair:1: 1387 daAuts
     D:6: 1332 daAuts
     D:5: 1193 daAuts
     D:8: 1152 daAuts
  Lair:2: 398 daAuts
